 Dungeon Crawl Stone Soup version 0.31-a0-702-gf82c85558f (webtiles) character file.

Game seed: 3607462700417870856

7592 qw the Skirmisher (level 11, -4/71 HPs)
             Began as a Gargoyle Hunter on Sept 8, 2023.
             Was a Believer of Okawaru.
             Slain by a yak (7 damage)
             ... on level 10 of the Dungeon.
             The game lasted 00:03:55 (8664 turns).

qw the Skirmisher (Gargoyle Hunter)                 Turns: 8664, Time: 00:03:55

Health: -4/71      AC: 17    Str: 16    XL:     11   Next: 17%
Magic:  12/14      EV: 17    Int:  9    God:    Okawaru [**....]
Gold:   898        SH:  5    Dex: 17    Spells: 10/10 levels left

rFire   + . .        a - +1 longbow (drain)
rCold   + . .        (shield currently unavailable)
rNeg    + . .        h - +3 leather armour
rPois   inf          (no helmet)
rElec   +            k - +0 cloak
rCorr   .            d - +0 pair of gloves
SInv    .            (no boots)
Will    .....        f - amulet of reflection
Stlth   +++          c - ring of protection from cold
HPRegen 0.31/turn    m - ring of protection from fire
MPRegen 0.14/turn

%: reflection
@: heroic
A: sickness immunity, AC +8, negative energy resistance 1, electricity
resistance, torment resistance 1, petrification resistance
a: Renounce Religion, Heroism


You were on level 10 of the Dungeon.
You worshipped Okawaru.
Okawaru was pleased with you.
You visited 2 branches of the dungeon, and saw 11 of its levels.

You collected 898 gold pieces.


Innate Abilities, Weirdness & Mutations

You are immune to sickness and miasma.
Your stone body is resilient. (AC +8)
You are immune to poison.
You resist negative energy. (rN+)
You are resistant to electric shocks. (rElec)
You are resistant to unholy torment.
You are immune to petrification.


   Skills:
 - Level 9.0(14.0) Fighting
 + Level 13.7(18.7) Ranged Weapons
 - Level 3.2(8.2) Armour
 - Level 4.1(9.1) Dodging
 - Level 1.1(6.1) Stealth
 - Level 4.1 Invocations


You had 10 spell levels left.
You didn't know any spells.
Your spell library was empty.

Inventory:

Hand Weapons
 a - a +1 longbow of draining (weapon)
Armour
 d - a +0 pair of gloves (worn)
 h - a +3 leather armour (worn)
 k - a +0 cloak (worn)
Jewellery
 c - a ring of protection from cold (left hand)
 f - an amulet of reflection (around neck)
 m - a ring of protection from fire (right hand)
 Y - a ring of resist corrosion
Scrolls
 j - a scroll of identify
Potions
 b - a potion of haste
 e - 4 potions of curing
 i - a potion of might
 l - a potion of attraction {unknown}
 n - a potion of enlightenment {unknown}

Dungeon Overview and Level Annotations

Branches:
Dungeon (10/15)            Temple (1/1) D:4            Lair (0/5) D:10
    Orc (0/2) D:9

Altars:
Ashenzari
Cheibriados
Dithmenos
Elyvilon
Gozag
Hepliaklqana
Kikubaaqudgha
Makhleb
Nemelex Xobeh
Okawaru
Ru
Sif Muna
Uskayaw
Wu Jian
Yredelemnul
Zin
The Shining One

Annotations:
D:3 2 runed translucent doors, qw's ghost, amateur GrHu


Message History

You start resting.
You feel like a meek peon again.
HP restored.
Done exploring.
What level of the Dungeon? (default 10, ? - help)
You climb downwards.
The death yak gores you but does no damage.
The death yak gores you!! The yak misses you. The yak gores you.
You block the yak's attack. x2; The yak barely misses you.
The death yak gores you but does no damage.
The yak closely misses you.
The death yak gores you but does no damage.
There is a stone staircase leading up here.
8660 ||| Retreating to best flee position at 0,0 (stone_stairs_up_iii)
8660 ||| INVOKING Heroism.
You gain the combat prowess of a mighty hero.
The yak gores you but does no damage. The yak barely misses you.
The yak gores you! The death yak gores you! The yak gores you!
The death yak gores you but does no damage.
8661 ||| Retreating to best flee position at 0,0 (stone_stairs_up_iii)
You shoot an arrow. The arrow hits the death yak!!
You drain the death yak!
The death yak is moderately wounded.
8662 ||| Retreating to best flee position at 0,0 (stone_stairs_up_iii)
You shoot an arrow. The arrow hits the death yak!
The death yak is heavily wounded.
You block the yak's attack. The yak misses you.
The death yak completely misses you. The yak gores you but does no damage.
The death yak gores you. The yak gores you.
8663 ||| Retreating to best flee position at 0,0 (stone_stairs_up_iii)
You shoot an arrow.
The arrow completely misses the death yak.
The yak misses you.
The death yak gores you but does no damage.
The yak misses you. The yak gores you. The death yak completely misses you.
The yak gores you but does no damage.
8664 ||| Retreating to best flee position at 0,0 (stone_stairs_up_iii)
You shoot an arrow. The arrow hits the death yak!!
You drain the death yak.
The death yak is severely wounded.
You block the yak's attack. The yak gores you!
You die...

# .#
..########..#
......YY....###
......Y@.......
#.....YYY..#...
...............
...............
.......#...#...
......# .>.# ..
...... .... .
###... .....


You could see 2 death yaks and 4 yaks.

Vanquished Creatures
  A death yak (D:9)
  Jeremiah (D:9)
  Maggie (D:9)
  Psyche (D:8)
  A hornet (D:9)
  Prince Ribbit (D:7)
  3 yaks (D:9)
  A vampire (D:9)
  2 steam dragons
  An acid dragon (D:9)
  Duvessa (D:7)
  10 orc warriors
  2 sky beasts
  An ice beast (D:6)
  2 ogres (D:7)
  A black bear (D:7)
  4 centaurs
  A phantom (D:4)
  A bullfrog (D:8)
  6 kobold brigands
  A gnoll sergeant (D:8)
  3 scorpions
  5 wights (D:8)
  Dowan (D:7)
  6 killer bees (D:9)
  2 howler monkeys (D:9)
  A jelly (D:8)
  5 gnoll boudas
  10 orc priests
  8 hounds
  A sleepcap (D:6)
  Jessica (D:2)
  12 orc wizards
  3 iguanas
  A mummy (D:3)
  19 gnolls
  5 adders
  A shadow imp (D:7)
  A white imp (D:6)
  2 ufetubi (D:5)
  2 worms
  2 dart slugs (D:1)
  40 orcs
  6 ball pythons
  An endoplasm (D:3)
  A giant cockroach (D:3)
  8 goblins
  4 hobgoblins
  4 jackals (D:2)
  17 kobolds
  5 quokkas
  6 bats
  5 frilled lizards
  6 rats
237 creatures vanquished.

Vanquished Creatures (others)
  An orc wizard (D:3)
1 creature vanquished.

Grand Total: 238 creatures vanquished

Notes
Turn   | Place    | Note
-------+----------+-------------------------------------------
     0 | D:1      | qw the Gargoyle Hunter began the quest for the Orb.
     0 | D:1      | Reached XP level 1. HP: 12/12 MP: 1/1
     0 | D:1      | 0 ||| qw: Version: 0.3-a-76-g4403597
     0 | D:1      | 0 ||| qw: Game counter: 1187
     0 | D:1      | 0 ||| qw: Melee chars always use a shield: true
     0 | D:1      | 0 ||| qw: God list: Okawaru
     0 | D:1      | 0 ||| qw: Allow faded altars: false
     0 | D:1      | 0 ||| qw: Do Orc after clearing Dungeon:15 true
     0 | D:1      | 0 ||| qw: Do second Lair branch before Depths: true
     0 | D:1      | 0 ||| qw: Lair rune preference: random
     0 | D:1      | 0 ||| qw: Goals: Normal
     0 | D:1      | 0 ||| PLANNING D:1-11
    41 | D:1      | Found a faded altar of an unknown god.
    47 | D:1      | Reached XP level 2. HP: 17/17 MP: 2/2
   497 | D:1      | Reached XP level 3. HP: 21/21 MP: 3/3
   553 | D:1      | 553 ||| UPGRADING to +3 leather armour.
   563 | D:1      | 563 ||| DROPPING +0 leather armour.
   564 | D:1      | 564 ||| UPGRADING to amulet of guardian spirit.
   569 | D:1      | 569 ||| READING scroll labelled BAGIANW LEHYJ.
   570 | D:1      | 570 ||| READING scroll labelled LISUSAWANE.
   570 | D:1      | Identified a scroll of acquirement
   570 | D:1      | 570 ||| ACQUIRING 313 gold pieces
   570 | D:1      | Acquired 313 gold pieces
   572 | D:1      | 572 ||| READING scroll labelled ONAWYE JUKLU.
   573 | D:1      | 573 ||| READING 2 scrolls labelled WAOTEM ECSYDAU.
   574 | D:1      | 574 ||| READING scroll labelled ASENWU TUDIBEREN.
   575 | D:1      | 575 ||| DROPPING scroll of butterflies.
   624 | D:2      | Reached skill level 5 in Ranged Weapons
   758 | D:2      | Noticed Jessica
   765 | D:2      | Killed Jessica
   766 | D:2      | Reached skill level 3 in Fighting
   766 | D:2      | Reached XP level 4. HP: 25/28 MP: 2/4
  1008 | D:2      | Found a hide-covered altar of Uskayaw.
  1387 | D:2      | 1387 ||| READING scroll labelled IWOWAE GAITS.
  1606 | D:3      | Found a snail-covered altar of Cheibriados.
  1612 | D:3      | Reached XP level 5. HP: 32/32 MP: 5/5
  1769 | D:3      | 1769 ||| FLEEEEING.
  1821 | D:3      | Found a large runed translucent door.
  1821 | D:3      | Found a large runed translucent door.
  1825 | D:3      | Noticed qw's ghost (amateur GrHu)
  1953 | D:3      | Found a shimmering blue altar of Sif Muna.
  1983 | D:3      | Reached skill level 6 in Ranged Weapons
  2153 | D:3      | 2153 ||| SWAPPING to +5 heavy orcbow.
  2154 | D:3      | 2154 ||| DROPPING +1 shortbow.
  2378 | D:3      | 2378 ||| READING scroll labelled YRECIKI MAPLE.
  2434 | D:3      | 2434 ||| READING scroll labelled LIOCEC EGORUOF.
  2435 | D:3      | 2435 ||| DRINKING 2 inky potions.
  2436 | D:3      | 2436 ||| DROPPING potion of brilliance.
  2487 | D:4      | 2487 ||| STAIRDANCE
  2587 | D:4      | 2587 ||| STAIRDANCE
  2595 | D:3      | Reached XP level 6. HP: 38/38 MP: 6/6
  2810 | D:4      | Found a staircase to the Ecumenical Temple.
  2811 | D:4      | 2811 ||| PLANNING TEMPLE
  2811 | D:4      | 2811 ||| UPGRADING to ring of resist corrosion.
  2812 | D:4      | 2812 ||| READING scroll labelled LUOHEL AMASE.
  2828 | Temple   | Entered the Ecumenical Temple
  2829 | Temple   | 2829 ||| PLANNING D:1-11
  2996 | D:4      | Reached skill level 7 in Ranged Weapons
  3163 | D:4      | 3163 ||| DRINKING 2 green potions.
  3164 | D:4      | 3164 ||| DRINKING 2 fuming pink potions.
  3165 | D:4      | 3165 ||| DROPPING potion of magic.
  3170 | D:5      | Entered Level 5 of the Dungeon
  3193 | D:5      | Reached XP level 7. HP: 43/43 MP: 7/7
  3269 | D:5      | 3269 ||| Stepping ~*~*~tactically~*~*~ (outnumbered).
  3272 | D:5      | 3272 ||| Stepping ~*~*~tactically~*~*~ (outnumbered).
  3273 | D:5      | 3273 ||| Stepping ~*~*~tactically~*~*~ (outnumbered).
  3278 | D:5      | 3278 ||| Stepping ~*~*~tactically~*~*~ (outnumbered).
  3356 | D:5      | Found an iron altar of Okawaru.
  3357 | D:5      | 3357 ||| PLANNING OKAWARU WORSHIP
  3357 | D:5      | 3357 ||| UPGRADING to +0 cloak.
  3362 | D:5      | 3362 ||| READING scroll labelled CAELOSSUSAXE.
  3363 | D:5      | 3363 ||| READING scroll labelled QORODE GYUNEMA.
  3367 | D:5      | Reached skill level 1 in Armour
  3369 | D:5      | Became a worshipper of Warmaster Okawaru
  3370 | D:5      | 3370 ||| PLANNING D:1-11
  3370 | D:5      | 3370 ||| REMOVING amulet of guardian spirit.
  3402 | D:5      | 3402 ||| RETREATING.
  3405 | D:5      | 3405 ||| Stepping ~*~*~tactically~*~*~ (retreating).
  3406 | D:5      | 3406 ||| Stepping ~*~*~tactically~*~*~ (retreating).
  3407 | D:5      | 3407 ||| Stepping ~*~*~tactically~*~*~ (retreating).
  3408 | D:5      | 3408 ||| Stepping ~*~*~tactically~*~*~ (retreating).
  3409 | D:5      | 3409 ||| Stepping ~*~*~tactically~*~*~ (retreating).
  3410 | D:5      | 3410 ||| Stepping ~*~*~tactically~*~*~ (retreating).
  3411 | D:5      | 3411 ||| Stepping ~*~*~tactically~*~*~ (retreating).
  3412 | D:5      | 3412 ||| Stepping ~*~*~tactically~*~*~ (retreating).
  3413 | D:5      | 3413 ||| Stepping ~*~*~tactically~*~*~ (retreating).
  3415 | D:5      | 3415 ||| Stepping ~*~*~tactically~*~*~ (retreating).
  3423 | D:5      | Reached skill level 8 in Ranged Weapons
  3583 | D:5      | Reached * piety under Okawaru
  3584 | D:5      | Reached XP level 8. HP: 49/49 MP: 8/8
  3600 | D:5      | 3600 ||| READING scroll of acquirement.
  3600 | D:5      | 3600 ||| ACQUIRING ring of protection from fire
  3600 | D:5      | Acquired a ring of protection from fire
  3602 | D:5      | 3602 ||| UPGRADING to ring of protection from fire.
  3804 | D:5      | 3804 ||| DROPPING amulet of guardian spirit.
  3805 | D:5      | 3805 ||| UPGRADING to amulet of reflection.
  3810 | D:5      | 3810 ||| DRINKING 2 sedimented dark potions.
  3914 | D:5      | 3914 ||| DROPPING potion of berserk rage.
  3949 | D:6      | 3949 ||| STAIRDANCE
  3954 | D:6      | 3954 ||| STAIRDANCE
  3963 | D:5      | 3963 ||| INVOKING Heroism.
  3966 | D:5      | 3966 ||| DRINKING potion of curing.
  3966 | D:5      | 3966 ||| (to cure confusion)
  4129 | D:6      | 4129 ||| Stepping ~*~*~tactically~*~*~ (outnumbered).
  4133 | D:6      | Reached skill level 1 in Invocations
  4133 | D:6      | 4133 ||| Stepping ~*~*~tactically~*~*~ (outnumbered).
  4134 | D:6      | 4134 ||| Stepping ~*~*~tactically~*~*~ (outnumbered).
  4143 | D:6      | 4143 ||| INVOKING Heroism.
  4148 | D:6      | Reached skill level 9 in Ranged Weapons
  4160 | D:6      | Reached skill level 6 in Fighting
  4277 | D:6      | 4277 ||| READING scroll of acquirement.
  4277 | D:6      | 4277 ||| ACQUIRING +0 longbow of freezing
  4277 | D:6      | Acquired a +0 longbow of freezing
  4279 | D:6      | 4279 ||| SWAPPING to +0 longbow of freezing.
  4280 | D:6      | 4280 ||| DROPPING +5 heavy orcbow.
  4442 | D:6      | 4442 ||| INVOKING Heroism.
  4453 | D:6      | Reached skill level 3 in Invocations
  4457 | D:6      | 4457 ||| INVOKING Heroism.
  4571 | D:6      | Found a sacrificial altar of Ru.
  4638 | D:6      | 4638 ||| READING scroll labelled HUNUUNEGEOGEQE.
  4666 | D:7      | 4666 ||| READING scroll of brand weapon.
  4666 | D:7      | 4666 ||| BRANDING +0 longbow of freezing.
  4671 | D:7      | Noticed Dowan
  4672 | D:7      | 4672 ||| INVOKING Heroism.
  4672 | D:7      | Noticed Duvessa
  4673 | D:7      | 4673 ||| RETREATING.
  4677 | D:7      | Killed Dowan
  4695 | D:7      | Killed Duvessa
  4696 | D:7      | Reached XP level 9. HP: 19/55 MP: 11/11
  4704 | D:7      | Reached skill level 10 in Ranged Weapons
  4847 | D:7      | 4847 ||| INVOKING Heroism.
  4850 | D:7      | Reached skill level 3 in Dodging
  4904 | D:7      | 4904 ||| INVOKING Heroism.
  4927 | D:7      | 4927 ||| RETREATING.
  4930 | D:7      | 4930 ||| INVOKING Heroism.
  4932 | D:7      | 4932 ||| Stepping ~*~*~tactically~*~*~ (outnumbered).
  5079 | D:7      | 5079 ||| INVOKING Heroism.
  5105 | D:7      | 5105 ||| READING scroll of enchant weapon.
  5105 | D:7      | 5105 ||| ENCHANTING +0 longbow of draining.
  5122 | D:7      | 5122 ||| Stepping ~*~*~tactically~*~*~ (outnumbered).
  5128 | D:7      | 5128 ||| Stepping ~*~*~tactically~*~*~ (outnumbered).
  5130 | D:7      | 5130 ||| Stepping ~*~*~tactically~*~*~ (outnumbered).
  5132 | D:7      | 5132 ||| Stepping ~*~*~tactically~*~*~ (outnumbered).
  5137 | D:7      | 5137 ||| INVOKING Heroism.
  5209 | D:7      | 5209 ||| Stepping ~*~*~tactically~*~*~ (outnumbered).
  5211 | D:7      | 5211 ||| Stepping ~*~*~tactically~*~*~ (outnumbered).
  5213 | D:7      | 5213 ||| Stepping ~*~*~tactically~*~*~ (outnumbered).
  5394 | D:7      | Noticed Prince Ribbit
  5395 | D:7      | 5395 ||| INVOKING Heroism.
  5397 | D:7      | Killed Prince Ribbit
  5398 | D:7      | Reached skill level 11 in Ranged Weapons
  5476 | D:7      | 5476 ||| INVOKING Heroism.
  5512 | D:7      | Found a broken altar of Ashenzari.
  5757 | D:7      | 5757 ||| INVOKING Heroism.
  5764 | D:7      | Reached XP level 10. HP: 53/64 MP: 10/13
  5812 | D:7      | 5812 ||| UPGRADING to +0 pair of gloves.
  5817 | D:7      | 5817 ||| READING scroll labelled NEILOMAMUN.
  5820 | D:7      | 5820 ||| READING scroll labelled IVA YTHIURAP.
  5821 | D:7      | 5821 ||| READING 2 scrolls of identify.
  5821 | D:7      | 5821 ||| IDENTIFYING smoky clear potion
  5964 | D:8      | 5964 ||| Stepping ~*~*~tactically~*~*~ (outnumbered).
  5969 | D:8      | 5969 ||| RETREATING.
  5970 | D:8      | 5970 ||| Stepping ~*~*~tactically~*~*~ (outnumbered).
  5974 | D:8      | 5974 ||| INVOKING Heroism.
  5975 | D:8      | 5975 ||| Stepping ~*~*~tactically~*~*~ (retreating).
  6060 | D:8      | 6060 ||| INVOKING Heroism.
  6314 | D:8      | Reached skill level 12 in Ranged Weapons
  6384 | D:8      | 6384 ||| Stepping ~*~*~tactically~*~*~ (outnumbered).
  6386 | D:8      | 6386 ||| Stepping ~*~*~tactically~*~*~ (outnumbered).
  6395 | D:8      | Noticed a kobold demonologist
  6400 | D:8      | 6400 ||| Stepping ~*~*~tactically~*~*~ (retreating).
  6406 | D:8      | Noticed a rust devil
  6422 | D:8      | 6422 ||| READING 4 scrolls of teleportation.
  6423 | D:8      | Noticed an orange demon
  6423 | D:8      | 6423 ||| INVOKING Heroism.
  6426 | D:8      | 6426 ||| READING 3 scrolls of teleportation.
  6431 | D:8      | 6431 ||| DRINKING 5 potions of curing.
  6431 | D:8      | 6431 ||| (to cure confusion)
  6436 | D:8      | 6436 ||| READING 2 scrolls of teleportation.
  6441 | D:8      | 6441 ||| READING scroll of teleportation.
  6465 | D:8      | Noticed Psyche
  6466 | D:8      | 6466 ||| FLEEEEING.
  6467 | D:8      | 6467 ||| FLEEEEING.
  6468 | D:8      | 6468 ||| FLEEEEING.
  6469 | D:8      | 6469 ||| FLEEEEING.
  6470 | D:8      | 6470 ||| STAIRDANCE
  6550 | D:7      | 6550 ||| READING scroll labelled ICHUTEK WISEN.
  6653 | D:8      | 6653 ||| INVOKING Heroism.
  6658 | D:8      | Killed Psyche
  6732 | D:8      | 6732 ||| INVOKING Heroism.
  6940 | D:8      | 6940 ||| INVOKING Heroism.
  7100 | D:8      | 7100 ||| UPGRADING to ring of protection from cold.
  7211 | D:9      | Found a glowing silver altar of Zin.
  7272 | D:9      | Found a glowing golden altar of the Shining One.
  7339 | D:9      | 7339 ||| RETREATING.
  7612 | D:9      | Noticed Maggie
  7621 | D:9      | Killed Maggie
  7621 | D:9      | Reached ** piety under Okawaru
  7622 | D:9      | Reached skill level 13 in Ranged Weapons
  7644 | D:9      | 7644 ||| RETREATING.
  7645 | D:9      | 7645 ||| Stepping ~*~*~tactically~*~*~ (retreating).
  7646 | D:9      | 7646 ||| Stepping ~*~*~tactically~*~*~ (retreating).
  7647 | D:9      | 7647 ||| Stepping ~*~*~tactically~*~*~ (retreating).
  7648 | D:9      | 7648 ||| Stepping ~*~*~tactically~*~*~ (retreating).
  7649 | D:9      | 7649 ||| Stepping ~*~*~tactically~*~*~ (retreating).
  7650 | D:9      | 7650 ||| Stepping ~*~*~tactically~*~*~ (retreating).
  7651 | D:9      | 7651 ||| Stepping ~*~*~tactically~*~*~ (retreating).
  7666 | D:9      | 7666 ||| INVOKING Heroism.
  7666 | D:9      | Noticed Jeremiah
  7678 | D:9      | HP: 16/65 [Jeremiah/+4 trident of draining (2)]
  7679 | D:9      | 7679 ||| READING scroll of teleportation.
  7895 | D:9      | 7895 ||| INVOKING Heroism.
  7907 | D:9      | Killed Jeremiah
  7908 | D:9      | Reached skill level 9 in Fighting
  8214 | D:9      | 8214 ||| INVOKING Heroism.
  8220 | D:9      | Reached skill level 3 in Armour
  8220 | D:9      | Reached XP level 11. HP: 71/71 MP: 11/14
  8236 | D:9      | 8236 ||| FLEEEEING.
  8237 | D:9      | 8237 ||| INVOKING Heroism.
  8306 | D:9      | Found a staircase to the Orcish Mines.
  8497 | D:9      | 8497 ||| DROPPING scarf of invisibility.
  8498 | D:9      | 8498 ||| READING 2 scrolls of identify.
  8498 | D:9      | 8498 ||| IDENTIFYING metallic silvery potion
  8550 | D:10     | Entered Level 10 of the Dungeon
  8550 | D:10     | Noticed a death yak
  8550 | D:10     | Noticed a death yak
  8550 | D:10     | Found a staircase to the Lair.
  8551 | D:10     | 8551 ||| INVOKING Heroism.
  8551 | D:10     | Noticed a death yak
  8554 | D:10     | 8554 ||| STAIRDANCE
  8566 | D:9      | Killed a death yak
  8660 | D:10     | 8660 ||| INVOKING Heroism.
  8660 | D:10     | HP: 13/71 [yak (13)]
  8662 | D:10     | HP: 6/71 [yak (5)]
  8663 | D:10     | HP: 2/71 [yak (4)]
  8664 | D:10     | Slain by a yak

Levels and vault maps discovered:
D:1:      nicolae_arrival_somewhat_less_tricky_arrival, layout_rooms,
          chequers_ecumenical_altar_simple, minmay_misc_feat_plants
D:2:      layout_loops_corners, basic_altar, uniq_jessica
D:3:      layout_loops_ring, kennysheep_orc_sif_temple, slow_altar_1,
          ebering_ghost_disaster_area, minmay_checkerbox
D:4:      layout_basic, minmay_temple_entry_overgrown
D:5:      nicolae_BIG_FREAKIN_CUBE, layout_cave_pools,
          hellmonk_okawaru_the_only_friend_you_need
D:6:      layout_basic, nicolae_ru_the_path_less_chosen
D:7:      kennysheep_seaside_town, layout_basic, mainiacjoe_overflow_catwalk,
          nicolae_nh_ransacked_shop, uniq_prince_ribbit1, uniq_duvessa
D:8:      layout_loops_ring, uniq_psyche
D:9:      layout_cave_pods, marbit_many_paths,
          mainiacjoe_overflow_six_doors_small, david_orc_4, uniq_maggie,
          uniq_jeremiah
D:10:     layout_long_grid, nicolae_overflow_hidden_temple, dpeg_lair_monsters,
          serial_shops, nicolae_shop_advertising_works
          [nicolae_subvault_shop_adworks], minmay_bent
Temple:   zaba_magenta_temple

Skill      XL: |  1  2  3  4  5  6  7  8  9 10 |
---------------+-------------------------------+-----
Ranged Weapons | 5 6 7 8 9 11 13 | 13.7
Fighting       | 3 4 5 6 8 9 |  9.0
Dodging        | 2 3 4 |  4.1
Armour         | 1 3 |  3.2
Invocations    | 3 4 |  4.1
Stealth        | |  1.1

Action                     |  1- 3 |  4- 6 |  7- 9 | 10-12 || total
---------------------------+-------+-------+-------+-------++-------
   Fire: Shortbow          |    70 |   136 |       |       ||   206
         Orcbow            |       |    36 |   119 |       ||   155
         Longbow           |       |       |   155 |   271 ||   426
 Invoke: Heroism           |       |       |    13 |    12 ||    25
    Use: Scroll            |     5 |     4 |     7 |    10 ||    26
         Potion            |       |     3 |     2 |     1 ||     6
 Armour: Leather armour    |     6 |    75 |   175 |   119 ||   375
         Skin              |       |       |       |     1 ||     1
  Dodge: Dodged            |     8 |    40 |   156 |   130 ||   334
  Block: Other             |       |       |    35 |    39 ||    74

Table legend:
 A = Non-vault XP
 B = Vault XP
 C = Vault XP percentage of total XP
 D = Non-vault monster count
 E = Vault monster count
 F = Vault count percentage of total count
                 A         B        C        D         E       F
            +---------+---------+-------+---------+---------+-------
      Total |    5947 |    4899 |  45.2 |     177 |      61 |  25.6
            +---------+---------+-------+---------+---------+-------
        D:1 |      34 |       0 |   0.0 |      19 |       0 |   0.0
        D:2 |      58 |      37 |  38.9 |      21 |       1 |   4.5
        D:3 |      77 |      97 |  55.7 |      13 |       8 |  38.1
        D:4 |     215 |       0 |   0.0 |      11 |       0 |   0.0
        D:5 |     878 |       0 |   0.0 |      28 |       0 |   0.0
        D:6 |     824 |       0 |   0.0 |      25 |       0 |   0.0
        D:7 |     666 |    1777 |  72.7 |      10 |      31 |  75.6
        D:8 |    1773 |     379 |  17.6 |      37 |       1 |   2.6
        D:9 |    1422 |    2609 |  64.7 |      13 |      20 |  60.6
            +---------+---------+-------+---------+---------+-------
